 Dungeon Crawl Stone Soup version 0.30.0-5-g1a98f26d00 (webtiles) character file.

Game seed: 2803668773373663657

26 SnakkuSnakku7 the Grasshopper (level 2, -1/26 HPs)
             Began as an Armataur Warper on May 8, 2023.
             Slain by Terence
             ... wielding a +0 short sword
              (5 damage)
             ... on level 2 of the Dungeon.
             The game lasted 00:00:57 (737 turns).

SnakkuSnakku7 the Grasshopper (Armataur Warper)      Turns: 737, Time: 00:00:58

Health: -1/26      AC:  4    Str: 16    XL:     2   Next: 89%
Magic:  4/4        EV:  9    Int: 13    God:
Gold:   107        SH:  0    Dex:  9    Spells: 4/4 levels left

rFire   . . .        a - +0 hand axe
rCold   . . .        (no shield)
rNeg    . . .        b - +0 leather armour
rPois   .            (no helmet)
rElec   .            (no cloak)
rCorr   .            (no gloves)
SInv    .            (no barding)
Will    .....        (no amulet)
Stlth   +            (no ring)
HPRegen 0.24/turn    (no ring)
MPRegen 0.09/turn

%: roll
@: no status effects
A: large, rugged brown scales 3, deformed body, armoured tail, roll, long
tongue, awkward tongue
a: no special abilities


You were on level 2 of the Dungeon.
You visited 1 branch of the dungeon, and saw 2 of its levels.

You collected 107 gold pieces.

Inventory:

Hand Weapons
 a - a +0 hand axe (weapon)
Missiles
 d - 7 boomerangs of dispersal (quivered)
 e - 3 javelins
Armour
 b - a +0 leather armour (worn)
Scrolls
 c - a scroll of blinking
 f - a scroll of teleportation {unknown}
Potions
 g - a potion of heal wounds {unknown}
 h - a potion of brilliance {unknown}


   Skills:
 + Level 2.5 Fighting
 + Level 2.2 Axes
 - Level 0.8 Throwing
 - Level 1.2 Armour
 - Level 1.3 Dodging
 - Level 1.7 Spellcasting
 - Level 3.0 Translocations


You had 4 spell levels left.
You didn't know any spells.
Your spell library contained the following spells:

 Spells                   Type           Power      Damage    Failure   Level
 Blink                    Tloc           16%        N/A       14%         2
 Lesser Beckoning         Tloc           16%        N/A       14%         2
 Teleport Other           Tloc           8%         N/A       28%         3
 Vhi's Electric Charge    Tloc/Air       10%        N/A       45%         3
 Manifold Assault         Tloc           8%         N/A       67%         4


Dungeon Overview and Level Annotations

Branches:
Dungeon (2/15)

Altars:
Yredelemnul

Annotations:
D:2 Terence


Innate Abilities, Weirdness & Mutations

You are completely covered in rugged brown scales. (AC +3, +7% HP)
Armour fits poorly on your strangely shaped body.
You have a long armoured tail.
You roll when moving toward enemies. (Rampage)
Your long tongue fully drains potion bottles. (2x potion effects)
Your tongue gives you trouble enunciating. (1.5x scroll delay)


Message History

Terence is lightly wounded.
Terence hits you with a +0 short sword.
You hit Terence but do no damage.
Terence is lightly wounded.
Terence closely misses you.
You hit Terence but do no damage.
Terence is lightly wounded.
Terence closely misses you.
You hit Terence. You tail-slap Terence.
Terence is heavily wounded.
Terence barely misses you.
You completely miss Terence. You punch Terence.
Terence is severely wounded.
Terence hits you but does no damage. Terence hits you with a +0 short sword.
You hit Terence but do no damage.
Terence is severely wounded.
Terence hits you with a +0 short sword.
You closely miss Terence.
Terence is severely wounded.
Terence barely misses you.
You hit Terence but do no damage.
Terence is severely wounded.
Terence hits you with a +0 short sword.
You hit Terence but do no damage.
Terence is severely wounded.
Terence hits you but does no damage.
You hit Terence but do no damage.
Terence is severely wounded.
Terence hits you with a +0 short sword.
* * * LOW HITPOINT WARNING * * *
Terence hits you with a +0 short sword.
* * * LOW HITPOINT WARNING * * *
You closely miss Terence.
Terence is severely wounded.
Terence hits you but does no damage.
Unknown command.
You hit Terence but do no damage.
Terence is severely wounded.
Terence hits you with a +0 short sword.
You die...

#.........
#####..#######
#.......###
#.#####...## ########.#
###..###
.##.....##.########...#
[...............# ###.#
##.....#.......# #.##
#....@#.......# #..#
#....@#.......# ####.#
#.....#.......# #.....
#.....#..†....# #.####
#.....#.......# # #
#.....#.......# #.# #
#....?#.......# #.#
......#.......###.###
#.............#


You could see Terence.

Vanquished Creatures
  2 bats (D:1)
  3 endoplasms (D:1)
  A giant cockroach (D:1)
  2 hobgoblins (D:1)
  3 quokkas
  3 frilled lizards
  4 goblins (D:1)
  6 kobolds
  A rat (D:2)
25 creatures vanquished.

Notes
Turn   | Place    | Note
-------+----------+-------------------------------------------
     0 | D:1      | SnakkuSnakku7 the Armataur Warper began the quest for the
                  | Orb.
     0 | D:1      | Reached XP level 1. HP: 18/18 MP: 3/3
   161 | D:1      | Reached XP level 2. HP: 25/25 MP: 4/4
   688 | D:2      | Found a basalt altar of Yredelemnul.
   721 | D:2      | Noticed Terence
   737 | D:2      | Slain by Terence

Illustrated notes

Levels and vault maps discovered:
D:1:      ncdulo_wetmaze, layout_loops_ring
D:2:      layout_basic, serial_shops, shop, basic_altar, uniq_sigmund,
          uniq_natasha, uniq_terence

Skill      XL: |  1  2 |
---------------+-------+-----
Fighting       | 2 |  2.5
Axes           | 2 |  2.2
Throwing       | |  0.8
Armour         | |  1.2
Dodging        | |  1.3
Spellcasting   | |  1.7
Translocations | |  3.0

Action                     || total
---------------------------++-------
  Melee: Hand axe          ||    72
         Tailslap          ||     4
         Punch             ||     2
 Armour: Leather armour    ||    33
  Dodge: Dodged            ||    32
